 Dungeon Crawl Stone Soup version 0.32-a0-876-gcfddb08e57 (webtiles) character file.

Game seed: 4302785350014315894

772 Lanoc the Slasher (level 7, -3/55 HPs)
             Began as a Coglin Gladiator on Apr 1, 2024.
             Slain by a shadow (9 damage)
             ... on level 5 of the Dungeon.
             The game lasted 00:03:57 (4370 turns).

Lanoc the Slasher (Coglin Gladiator)                Turns: 4370, Time: 00:03:58

Health: -3/55      AC:  7    Str: 15    XL:     7   Next: 83%
Magic:  7/7        EV: 13    Int:  7    God:
Gold:   326        SH:  0    Dex: 17    Spells: 6/6 levels left

rFire   . . .        a - +0 long sword {Raimund}
rCold   . . .        q - +0 falchion {Udom}
rNeg    . . .        b - +0 leather armour
rPois   .            c - +0 helmet
rElec   .            (no cloak)
rCorr   .            (no gloves)
SInv    .            y - +2 pair of boots
Will    .....        (amulet unavailable)
Stlth   +            (ring unavailable)
HPRegen 0.29/turn    (ring unavailable)
MPRegen 0.10/turn    (no gizmo)

%: no passive effects
@: revved
A: off-hand wielding, slow wielding, warmup strikes, no jewellery
a: Invent Gizmo


You were on level 5 of the Dungeon.
You visited 1 branch of the dungeon, and saw 5 of its levels.

You collected 326 gold pieces.

Inventory:

Hand Weapons
 a - a +0 long sword (weapon) {Raimund}
 q - a +0 falchion (offhand) {Udom}
Missiles
 d - a throwing net (quivered)
 e - a javelin
Armour
 b - a +0 leather armour (worn)
 c - a +0 helmet (worn)
 y - a +2 pair of boots (worn)
Scrolls
 f - a scroll of revelation {unknown}
 h - a scroll of blinking {unknown}
 i - a scroll of vulnerability {unknown}
 j - a scroll of enchant armour {unknown}
 k - a scroll of acquirement {unknown}
 l - 5 scrolls of identify {unknown}
 n - a scroll of enchant weapon {unknown}
 p - a scroll of silence {unknown}
 r - a scroll of fog {unknown}
 s - 3 scrolls of amnesia {unknown}
 t - a scroll of noise {unknown}
 v - 2 scrolls of brand weapon {unknown}
 w - a scroll of summoning {unknown}
 A - a scroll of immolation {unknown}
Potions
 g - a potion of cancellation {unknown}
 m - a potion of enlightenment {unknown}
 o - 2 potions of mutation {unknown}
 u - 2 potions of brilliance {unknown}
 x - a potion of curing {unknown}
 z - a potion of heal wounds {unknown}


   Skills:
 + Level 4.5 Fighting
 * Level 6.7 Long Blades
 - Level 1.7 Throwing
 + Level 4.7 Dodging


You had 6 spell levels left.
You didn't know any spells.
Your spell library contained the following spells:

 Spells                   Type           Power      Damage    Failure   Level
 Blink                    Tloc           0%         N/A       65%         2
 Lesser Beckoning         Tloc           0%         N/A       65%         2
 Momentum Strike          Conj/Tloc      0%         3d8       65%         2


Dungeon Overview and Level Annotations

Branches:
Dungeon (5/15)
 Temple: D:4-7

Altars:
Vehumet

Annotations:
D:4 2 transporters, picklenugget's ghost, amateur FeWr


Innate Abilities, Weirdness & Mutations

You can wield a second weapon in your off-hand.
It takes a long time for you to wield or remove held weapons.
Your first few attacks do less damage.
You cannot equip rings or amulets.


Message History

You hit something with your +0 long sword.
The shadow strikes at you from the darkness!
Reactivating autopickup.
You hit the shadow with your +0 long sword.
The shadow is lightly damaged.
You closely miss the shadow with your +0 falchion.
The shadow barely misses you.
You hit the shadow with your +0 long sword.
The shadow is moderately damaged.
You hit the shadow but do no damage.
The shadow slips into darkness.
The shadow flickers and vanishes!
Deactivating autopickup; reactivate with Ctrl-A.
You barely miss something with your +0 falchion.
You miss something with your +0 long sword.
The shadow strikes at you from the darkness!
Reactivating autopickup.
You hit the shadow with your +0 long sword.
The shadow is moderately damaged.
You hit the shadow with your +0 falchion.
The shadow slips into darkness.
The shadow flickers and vanishes!
Deactivating autopickup; reactivate with Ctrl-A.
You hit something but do no damage.
You closely miss something with your +0 long sword.
The shadow strikes at you from the darkness!
* * * LOW HITPOINT WARNING * * *
Reactivating autopickup.
You barely miss the shadow with your +0 falchion.
The shadow is heavily damaged.
You closely miss the shadow with your +0 long sword.
The shadow hits you.
You barely miss the shadow with your +0 long sword.
The shadow is heavily damaged.
You hit the shadow but do no damage. The shadow hits you.
* * * LOW HITPOINT WARNING * * *
You barely miss the shadow with your +0 long sword.
The shadow is heavily damaged.
You hit the shadow but do no damage. The shadow hits you!
You die...

#.#########..##.#..
#...<........##.#..
#######.######.##.#.. #
#....)#)# #.....##
#.#.....))######.###.#
#####.####.......##..###.##
...!..))##.......##.......#
#)##.......##.♣♣♣♣♣♣.
#..W@......##.♣ ♣♣
####..).......♣ ♣♣
######.....♣♣ ♣.
#......♣♣♣♣♣. #####........
#########


You could see a shadow.

Vanquished Creatures
  Sigmund (D:3)
  3 black bears (D:4)
  A hound (D:4)
  Terence (D:2)
  Natasha (thrice) (D:3)
  An orc wizard (D:4)
  Robin (D:2)
  4 gnolls (D:5)
  2 adders
  A white imp (D:5)
  3 dart slugs (D:1)
  14 orcs
  9 endoplasms
  A giant cockroach (D:3)
  7 goblins
  10 hobgoblins
  5 kobolds
  5 quokkas
  6 ball pythons (D:1)
  3 bats
  14 frilled lizards (D:3)
  6 rats
101 creatures vanquished.

Notes
Turn   | Place    | Note
-------+----------+-------------------------------------------
     0 | D:1      | Lanoc the Coglin Gladiator began the quest for the Orb.
     0 | D:1      | Reached XP level 1. HP: 16/16 MP: 1/1
   133 | D:1      | Reached XP level 2. HP: 21/22 MP: 2/2
   707 | D:2      | Reached XP level 3. HP: 23/28 MP: 3/3
   727 | D:2      | Noticed Robin
   779 | D:2      | Killed Robin
  1261 | D:2      | Noticed Terence
  1276 | D:2      | Killed Terence
  1277 | D:2      | Reached skill level 4 in Long Blades
  1277 | D:2      | Reached XP level 4. HP: 10/34 MP: 4/4
  2108 | D:3      | Reached XP level 5. HP: 40/40 MP: 5/5
  2230 | D:3      | Noticed Natasha
  2234 | D:3      | Killed Natasha
  2416 | D:3      | Noticed Sigmund
  2431 | D:3      | Killed Sigmund
  2432 | D:3      | Reached skill level 5 in Long Blades
  2432 | D:3      | Reached XP level 6. HP: 32/47 MP: 6/6
  2652 | D:3      | Noticed Natasha
  2658 | D:3      | Killed Natasha
  2665 | D:3      | Noticed Natasha
  2671 | D:3      | Killed Natasha
  2930 | D:4      | Noticed a black bear
  2935 | D:4      | Killed a black bear
  2936 | D:4      | Reached XP level 7. HP: 53/54 MP: 7/7
  2962 | D:4      | Reached skill level 6 in Long Blades
  3167 | D:4      | Found a transporter.
  3217 | D:4      | Found a transporter.
  3220 | D:4      | Noticed picklenugget's ghost (amateur FeWr)
  3800 | D:5      | Entered Level 5 of the Dungeon
  3800 | D:5      | Found a radiant altar of Vehumet.
  4354 | D:5      | Noticed a shadow
  4370 | D:5      | Slain by a shadow

Illustrated notes

Levels and vault maps discovered:
D:1:      erik_arrival_blinker_ship, layout_basic
D:2:      layout_basic, uniq_terence, uniq_robin
D:3:      minmay_general_purpose_star, layout_loops_ring,
          corexii_hall_statues_l, minivault_14, minmay_lizard_king,
          uniq_sigmund, uniq_natasha
D:4:      layout_loops_corners, gammafunk_ghost_stat_death
D:5:      layout_basic, fiery_altar_vehumet, nrook_campfire

Skill      XL: |  1  2  3  4  5  6  7 |
---------------+----------------------+-----
Dodging        | 3 4 |  4.7
Long Blades    | 4 5 6 |  6.7
Fighting       | 3 4 |  4.5
Throwing       | |  1.7

Action                     |  1- 3 |  4- 6 |  7- 9 || total
---------------------------+-------+-------+-------++-------
  Melee: Long sword        |    83 |    63 |    64 ||   210
         Dagger            |    68 |     2 |       ||    70
         Falchion          |       |    67 |    56 ||   123
  Throw: Throwing net      |     3 |     2 |       ||     5
   Stab: Sleeping          |     1 |     2 |     1 ||     4
         Held in net/web   |     1 |       |       ||     1
 Armour: Leather armour    |    39 |    42 |    50 ||   131
  Dodge: Dodged            |    61 |    42 |    44 ||   147

Table legend: (Time is in decaauts)
 A = Elapsed time spent in this place.
 B = Non-inter-level travel time spent in this place.
 C = Inter-level travel time spent in this place.
 D = Time resting spent in this place.
 E = Time spent auto-exploring this place.
 F = Levels seen in this place.
 G = Mean time per level.
                   A        B        C        D        E       F      G
               +--------+--------+--------+--------+--------+-----+--------+
         Total |   4394 |   4232 |    162 |     10 |   3613 |   5 |  878.8 |
       Dungeon |   4394 |   4232 |    162 |     10 |   3613 |   5 |  878.8 |
               +--------+--------+--------+--------+--------+-----+--------+

Top non-repeatable levels by time:
     D:2: 1066 daAuts
     D:4: 1052 daAuts
     D:3: 975 daAuts
     D:1: 728 daAuts
     D:5: 570 daAuts
